 Dungeon Sprint DCSS version 0.30-a0-241-g1121274140 (webtiles) character file.

Game seed: 11937123726814913827

330 rocky1 the Blocker (level 6, -2/61 HPs)
             Began as a Minotaur Fighter on Oct 11, 2022.
             Was an Initiate of Gozag.
             Killed from afar by an acid dragon (15 damage)
             ... with a splash of acid
             ... in the Dungeon (Sprint IX: "|||||||||||||||||||||||||||||").
             The game lasted 00:02:53 (231 turns).

rocky1 the Blocker (Minotaur Fighter)                Turns: 231, Time: 00:02:54

Health: -2/61      AC: 15    Str: 23    XL:     6   Next: 26%
Magic:  5/5        EV: 11    Int:  5    God:    Gozag
Gold:   0          SH:  6    Dex:  9    Spells: 5/5 levels left

rFire   . . .      SeeInvis .    o - +2 morningstar (vorpal)
rCold   . . .      Faith    .    c - +0 buckler
rNeg    . . .      Spirit   .    q - +1 chain mail
rPois   .          Reflect  .    (helmet restricted)
rElec   .          Harm     .    (no cloak)
rCorr   .          Rampage  .    p - +0 pair of gloves
Will    .....      NoTele   +    (no boots)
Stlth   ..........               (no amulet)
HPRegen 0.30/turn                r - +2 ring of protection
MPRegen 0.09/turn                s - +2 ring of evasion

@: gold aura, hasted, very quick
A: horns 2, retaliatory headbutt
a: Renounce Religion, Potion Petition, Call Merchant, Bribe Branch


You were in the Dungeon.
You worshipped Gozag.
Gozag was noncommittal.
You visited 1 branch

Inventory:

Hand Weapons
 a - a +0 flail
 o - a +2 vorpal morningstar (weapon)
Missiles
 k - 3 boomerangs of dispersal (quivered)
Armour
 c - a +0 buckler (worn)
 p - a +0 pair of gloves (worn)
 q - a +1 chain mail (worn)
Jewellery
 r - a +2 ring of protection (left hand)
 s - a +2 ring of evasion (right hand)
Wands
 n - a wand of iceblast (10)
Scrolls
 j - 2 scrolls of blinking
 m - 2 scrolls of amnesia
Potions
 d - a potion of might
 e - 5 potions of curing
 f - 2 potions of heal wounds
 h - 4 potions of magic
 i - a potion of berserk rage
 l - a potion of invisibility


   Skills:
 + Level 8.2 Fighting
 * Level 7.8 Maces & Flails
 + Level 8.0 Armour
 + Level 3.9 Dodging
 * Level 9.3 Shields


You had 5 spell levels left.
You didn't know any spells.
Your spell library was empty.

Dungeon Overview and Level Annotations

Branches:
Dungeon (1/1)

Altars:
Cheibriados
Dithmenos
Elyvilon
Fedhas
Gozag
Hepliaklqana
Kikubaaqudgha
Makhleb
Nemelex Xobeh
Okawaru
Qazlal
Ru
Sif Muna
Trog
Uskayaw
Vehumet
Wu Jian
Xom
Yredelemnul
Zin
The Shining One
Jiyva
Lugonu


Innate Abilities, Weirdness & Mutations

You have a pair of horns on your head.
You reflexively headbutt those who attack you in melee.


Message History

The centaur hits you but does no damage.
You block the centaur's attack.
The centaur hits you but does no damage.
The centaur completely misses you.
There is an open door to the Dungeon here.
You see here 45 gold pieces.
You feel yourself speed up.
The wyvern is no longer distracted by gold.
The centaur completely misses you. The centaur barely misses you.
The centaur closely misses you. You block the centaur's attack.
You barely miss the centaur. You block the centaur's attack. x2
The centaur hits you but does no damage.
The centaur closely misses you.
You sock the centaur!
You kill the centaur!
Your Fighting skill increases to level 8!
Your Armour skill increases to level 8!
Your Shields skill increases to level 9!
You have reached level 6!
You miss something. Something hits you but does no damage.
You hit something. Your headbutt misses something.
Something hits you but does no damage.
You miss something. The acid dragon spits acid at you.
The splash of acid hits something!
The acid corrodes something!
Reactivating autopickup.
You feel a bit more experienced.
The wyvern is distracted by your dazzling golden aura.
The wyvern hisses angrily.
You feel yourself speed up.
The wyvern is no longer distracted by gold.
The acid dragon spits acid at you. The splash of acid hits you!!
* * * LOW HITPOINT WARNING * * *
Items here: $ )) [.
You closely miss the acid dragon. The acid dragon spits acid at you.
The splash of acid hits you!
You die...
Your body crumbles into a pile of gold.

▓+▓
▓.▓
$
▓.▓
$
▓l▓
$ $
▓.▓
$
▓D▓
$
▓@▓
$
▓$▓
$
▓[▓
$
▓.▓
$
▓.▓
▓.▓
$
▓[▓
▓.▓
$
▓)▓
$


You could see a wyvern and an acid dragon (catching breath).

Vanquished Creatures
  A wraith (D)
  A centaur (D)
  2 hounds (D)
  An iguana (D)
  An adder (D)
  An orc (D)
  An endoplasm (D)
  A goblin (D)
  2 quokkas (D)
  A rat (D)
12 creatures vanquished.

Vanquished Creatures (others)
  An orc wizard (D)
1 creature vanquished.

Grand Total: 13 creatures vanquished

Notes
Turn   | Place    | Note
-------+----------+-------------------------------------------
     0 | D        | rocky1 the Minotaur Fighter began the quest for the Orb.
     0 | D        | Reached XP level 1. HP: 19/19 MP: 0/0
     9 | D        | Reached skill level 4 in Shields
    58 | D        | Noticed an iguana
    58 | D        | Noticed a hound
    58 | D        | Noticed a hound
    64 | D        | Reached XP level 2. HP: 27/28 MP: 1/1
    66 | D        | Reached skill level 5 in Fighting
    66 | D        | Reached skill level 5 in Armour
    66 | D        | Reached skill level 5 in Shields
    66 | D        | Reached XP level 3. HP: 27/36 MP: 2/2
    71 | D        | Reached skill level 6 in Shields
    75 | D        | Reached XP level 4. HP: 27/45 MP: 3/3
   147 | D        | Found a snail-covered altar of Cheibriados.
   147 | D        | Found a shadowy altar of Dithmenos.
   147 | D        | Found a white marble altar of Elyvilon.
   147 | D        | Found a blossoming altar of Fedhas.
   147 | D        | Found an opulent altar of Gozag.
   148 | D        | Found a hazy altar of Hepliaklqana.
   149 | D        | Found a viscous altar of Jiyva.
   150 | D        | Found an ancient bone altar of Kikubaaqudgha.
   151 | D        | Found a corrupted altar of Lugonu.
   152 | D        | Found a burning altar of Makhleb.
   153 | D        | Found a sparkling altar of Nemelex Xobeh.
   154 | D        | Found an iron altar of Okawaru.
   155 | D        | Became a worshipper of Gozag Ym Sagoz the Greedy
   156 | D        | Found a stormy altar of Qazlal.
   157 | D        | Found a sacrificial altar of Ru.
   158 | D        | Found a shimmering blue altar of Sif Muna.
   159 | D        | Found a bloodstained altar of Trog.
   160 | D        | Found a hide-covered altar of Uskayaw.
   161 | D        | Found a radiant altar of Vehumet.
   162 | D        | Found an ornate altar of the Wu Jian Council.
   163 | D        | Found a shimmering altar of Xom.
   164 | D        | Found a basalt altar of Yredelemnul.
   165 | D        | Found a glowing silver altar of Zin.
   166 | D        | Found a glowing golden altar of the Shining One.
   212 | D        | Noticed a wyvern
   212 | D        | Noticed a shadow
   212 | D        | Noticed an acid dragon
   212 | D        | Noticed a centaur
   212 | D        | Noticed a wraith
   221 | D        | Killed a wraith
   222 | D        | Reached skill level 8 in Shields
   222 | D        | Reached XP level 5. HP: 23/53 MP: 4/4
   226 | D        | Killed a centaur
   227 | D        | Reached skill level 9 in Shields
   227 | D        | Reached XP level 6. HP: 34/61 MP: 5/5
   231 | D        | Killed from afar by an acid dragon

Illustrated notes

Levels and vault maps discovered:
D:        linesprint [early_d, line_temple, items_1, d_10, items_2, lair_1,
          lair_end, items_3, orc_1, orc_end, items_4, d_15, swamp_1, shoals_1,
          snake_1, spider_1, d_20, vaults_1, items_5, swamp_end, shoals_end,
          snake_end, spider_end, vaults_end, d_27, items_6, zot_1, zot_end,
          crypt_end, forest_end, elf_end, slime_end, tomb_end, abyss_end,
          pan_hell_end]

Skill      XL: |  1  2  3  4  5 |
---------------+----------------+-----
Fighting       | 4 5 6 7 8 |  8.2
Armour         | 4 5 6 7 8 |  8.0
Shields        | 4 5 6 8 9 |  9.3
Maces & Flails | 3 4 7 |  7.8
Dodging        | 3 |  3.9

Action                   |  1- 3 |  4- 6 || total
-------------------------+-------+-------++-------
Melee: Flail             |    33 |     3 ||    36
       Headbutt          |     5 |     1 ||     6
       Morningstar       |       |    15 ||    15
  Use: Potion            |       |     2 ||     2
Armor: Scale mail        |    11 |     2 ||    13
       Chain mail        |       |    12 ||    12
Dodge: Dodged            |    13 |     7 ||    20
Block: Buckler           |     7 |    10 ||    17

Table legend: (Time is in decaauts)
 A = Elapsed time spent in this place.
 B = Non-inter-level travel time spent in this place.
 C = Inter-level travel time spent in this place.
 D = Time resting spent in this place.
 E = Time spent auto-exploring this place.
 F = Levels seen in this place.
 G = Mean time per level.
                   A        B        C        D        E       F      G
               +--------+--------+--------+--------+--------+-----+--------+
         Total |    247 |    247 |      0 |     89 |      0 |   1 |  247.0 |
       Dungeon |    247 |    247 |      0 |     89 |      0 |   1 |  247.0 |
               +--------+--------+--------+--------+--------+-----+--------+

Top non-repeatable levels by time:
       D: 247 daAuts
